[Event "WSCC 65 Open 2017"]
[Site "?"]
[Date "2017.11.12"]
[Round "6"]
[White "Shevelev, Arkady"]
[Black "Renman, Nils-Gustaf"]
[Result "1-0"]
[ECO "C07"]
[WhiteElo "2280"]
[BlackElo "2368"]
[PlyCount "103"]
[EventDate "2017.??.??"]
[EventType "swiss"]
[EventCountry "ITA"]
[SourceTitle "Acqui Terme"]
[TimeControl "40/5400+30:1800+30"]
[WhiteClock "1:01:08"]
[BlackClock "0:05:13"]

1. e4 e6 2. d4 d5 3. Nd2 c5 4. exd5 Qxd5 5. dxc5 Qxc5 6. Ngf3 Nf6 7. Nb3 Qc7 8. Bd3 h6 9. Qe2 Nc6 10. Nbd4 Nxd4 11. Nxd4 a6 12. Bd2 Be7 13. O-O-O Bd7 14. Kb1 O-O-O 15. Nb3 Bc5 16. Bxa6 Bb6 17. Bd3 Nd5 18. c4 Nf4 19. Bxf4 Qxf4 20. c5 Bc7 21. Be4 f5 22. c6 Qxe4+ 23. Qxe4 fxe4 24. cxd7+ Rxd7 25. Rxd7 Kxd7 26. Nc5+ Kc6 27. Nxe4 Rd8 28. Rc1+ Kb6 29. h3 Rd5 30. Nc3 Rd4 31. Re1 e5 32. Kc2 Kc6 33. Re4 Rd7 34. Rc4+ Kb6 35. Ne4 Bd6 36. Rc3 Be7 37. Rb3+ Ka6 38. Rd3 Rc7+ 39. Kd1 Rc4 40. f3 Rc6 41. Rd5 Bf6 42. b3 Kb6 43. Rd6 Be7 44. Rxc6+ Kxc6 45. Kc2 Ba3 46. Kd3 b5 47. Nc3 Kc5 48. Ke4 g6 49. Nd5 Kd6 50. g4 Bb2 51. a4 bxa4 52. bxa4 1-0

[Event "WSCC 65 Open 2017"]
[Site "?"]
[Date "2017.11.12"]
[Round "6"]
[White "Malisov, Boris"]
[Black "Pushkov, Nikolai"]
[Result "1/2-1/2"]
[ECO "C00"]
[WhiteElo "2240"]
[BlackElo "2304"]
[PlyCount "103"]
[EventDate "2017.??.??"]
[EventType "swiss"]
[EventCountry "ITA"]
[SourceTitle "Acqui Terme"]
[TimeControl "40/5400+30:1800+30"]

1. e4 e6 2. d3 d5 3. Nd2 c5 4. g3 g6 5. Bg2 Bg7 6. Nh3 Ne7 7. O-O Nbc6 8. f4 O-O 9. g4 f5 10. gxf5 exf5 11. e5 Kh8 12. c3 a5 13. a4 Be6 14. Nf3 Qd7 15. Bd2 Rab8 16. Nhg5 h6 17. Nxe6 Qxe6 18. d4 cxd4 19. cxd4 b5 20. axb5 Rxb5 21. Bc3 Rfb8 22. Rf2 Bf8 23. Bf1 R5b6 24. Rg2 Qf7 25. Bd3 Nb4 26. Rxa5 Nxd3 27. Qxd3 Nc6 28. Ra1 Be7 29. h4 Nd8 30. Kf2 Ne6 31. Ke3 Kh7 32. Ra7 R8b7 33. Rxb7 Rxb7 34. Qa6 Bd8 35. Qc6 Qd7 36. Qxd7+ Rxd7 37. Rg1 Ra7 38. Rc1 Ra4 39. b3 Ra3 40. Rb1 Kg7 41. Bd2 Kf7 42. Kd3 Bb6 43. Be3 Ba5 44. Kc2 Bb4 45. Kb2 Ra6 46. Rh1 Ng7 47. Rh2 Rc6 48. Rc2 Rxc2+ 49. Kxc2 Ne6 50. Kd3 Ke7 51. Bc1 Kd7 52. Ke3 1/2-1/2

[Event "WSCC 65 Open 2017"]
[Site "?"]
[Date "2017.11.12"]
[Round "6"]
[White "Privara, Igor"]
[Black "Komljenovic, Davorin"]
[Result "0-1"]
[ECO "B22"]
[WhiteElo "2184"]
[BlackElo "2379"]
[PlyCount "82"]
[EventDate "2017.??.??"]
[EventType "swiss"]
[EventCountry "ITA"]
[SourceTitle "Acqui Terme"]
[TimeControl "40/5400+30:1800+30"]
[WhiteClock "0:02:30"]
[BlackClock "0:03:04"]

1. e4 c5 2. c3 Nf6 3. e5 Nd5 4. Nf3 Nc6 5. Bc4 Nb6 6. Bb3 c4 7. Bc2 g6 8. Qe2 Bg7 9. Na3 O-O 10. O-O d5 11. exd6 exd6 12. Nxc4 Re8 13. Ne3 f5 14. Bb3+ Kh8 15. Qd1 f4 16. Nd5 Nxd5 17. Bxd5 g5 18. Re1 Rxe1+ 19. Qxe1 Bd7 20. h3 Qf6 21. d4 h5 22. Nh2 g4 23. hxg4 hxg4 24. Qd1 Qf5 25. Bb3 Rf8 26. Nf1 Rf6 27. Bc2 Qh5 28. Nh2 Ne7 29. c4 Bh6 30. d5 Bg7 31. Bd2 b6 32. Qe2 Rf7 33. Rb1 Ng6 34. Qe4 Bf5 35. Qe8+ Rf8 36. Qa4 g3 37. fxg3 Bd4+ 38. Kf1 Bxc2 39. Qxc2 fxg3+ 40. Nf3 Rxf3+ 41. gxf3 Qxf3+ {[%emt 0:00:05] Qd3} 0-1

[Event "WSCC 65 Open 2017"]
[Site "?"]
[Date "2017.11.14"]
[Round "7"]
[White "Bogdanov, Valentin"]
[Black "Malisov, Boris"]
[Result "0-1"]
[ECO "D96"]
[WhiteElo "2381"]
[BlackElo "2240"]
[PlyCount "136"]
[EventDate "2017.??.??"]
[EventType "swiss"]
[EventCountry "ITA"]
[SourceTitle "Acqui Terme"]
[TimeControl "40/5400+30:1800+30"]

1. d4 d5 2. c4 c6 3. Nc3 Nf6 4. Nf3 g6 5. cxd5 cxd5 6. Bf4 Bg7 7. e3 O-O 8. Be2 Nc6 9. Ne5 Qb6 10. Nxc6 bxc6 11. Qd2 a5 12. Na4 Qb4 13. Nc5 Nd7 14. Nxd7 Bxd7 15. a3 Qb6 16. O-O Rfe8 17. b4 Bf8 18. bxa5 Qxa5 19. Qxa5 Rxa5 20. Bc7 Ra7 21. Bb6 Rb7 22. Bc5 e5 23. Ba6 Rb2 24. Rfb1 Rxb1+ 25. Rxb1 exd4 26. Bxf8 Kxf8 27. exd4 Ke7 28. a4 Kd6 29. a5 Ra8 30. Rb6 Bc8 31. Bxc8 Rxc8 32. a6 Rc7 33. Rb1 Ra7 34. Ra1 Kc7 35. Kf1 Kb6 36. Rb1+ Kxa6 37. Ke2 Rb7 38. Ra1+ Kb6 39. Kd3 Kc7 40. Kc3 Kd6 41. h4 h5 42. f3 f6 43. Ra8 Ke6 44. Rg8 Kf5 45. g4+ hxg4 46. fxg4+ Kxg4 47. Rxg6+ Kf5 48. Rg1 Rh7 49. Rf1+ Ke6 50. Re1+ Kd6 51. Rf1 Rh6 52. Kd3 Ke6 53. Rf4 Rh5 54. Ke3 f5 55. Kd3 Rh8 56. Ke3 Kf6 57. Kf3 Re8 58. Kf2 Rc8 59. Ke3 c5 60. dxc5 Rxc5 61. Kd3 Ra5 62. Rf1 Ra4 63. Rh1 Kg6 64. h5+ Kh6 65. Ke3 Re4+ 66. Kf3 d4 67. Rh2 d3 68. Rh1 d2 0-1

[Event "WSCC 65 Open 2017"]
[Site "?"]
[Date "2017.11.14"]
[Round "7"]
[White "Komljenovic, Davorin"]
[Black "Barle, Janez"]
[Result "1-0"]
[ECO "D31"]
[WhiteElo "2379"]
[BlackElo "2261"]
[PlyCount "83"]
[EventDate "2017.??.??"]
[EventType "swiss"]
[EventCountry "ITA"]
[SourceTitle "Acqui Terme"]
[TimeControl "40/5400+30:1800+30"]

1. d4 d5 2. c4 e6 3. Nc3 Bb4 4. cxd5 exd5 5. Nf3 Ne7 6. Qb3 c5 7. dxc5 Bxc5 8. e4 O-O 9. exd5 Re8 10. Be2 Na6 11. O-O Nc7 12. Rd1 Bd6 13. Ng5 Ng6 14. Nge4 b6 15. Bg5 f6 16. Be3 Kh8 17. f3 f5 18. Nxd6 Qxd6 19. Nb5 Nxb5 20. Bxb5 Bd7 21. Bf2 Rac8 22. Bf1 Re7 23. a4 Be8 24. a5 b5 25. a6 Rb8 26. Qd3 f4 27. Qd4 Bf7 28. b4 Rd7 29. Qc5 Qe5 30. Bd4 Qg5 31. d6 Qxc5 32. bxc5 Kg8 33. Bf2 Ne5 34. Rd4 g5 35. Rb1 g4 36. Rxb5 Rc8 37. Re4 Ng6 38. fxg4 Bd5 39. Reb4 Bc6 40. Rb8 Rdd8 41. Rxc8 Rxc8 42. Rb7 1-0

[Event "WSCC 65 Open 2017"]
[Site "?"]
[Date "2017.11.14"]
[Round "7"]
[White "Pushkov, Nikolai"]
[Black "Vasiukov, Evgeni"]
[Result "1/2-1/2"]
[ECO "C42"]
[WhiteElo "2304"]
[BlackElo "2404"]
[PlyCount "21"]
[EventDate "2017.??.??"]
[EventType "swiss"]
[EventCountry "ITA"]
[SourceTitle "Acqui Terme"]
[TimeControl "40/5400+30:1800+30"]
[WhiteClock "1:33:31"]
[BlackClock "1:25:51"]

1. e4 e5 2. Nf3 Nf6 3. Nxe5 d6 4. Nf3 Nxe4 5. Qe2 Qe7 6. d3 Nf6 7. Bg5 Qxe2+ 8. Bxe2 Be7 9. Nc3 h6 10. Bf4 Nc6 11. h3 1/2-1/2

[Event "WSCC 65 Open 2017"]
[Site "?"]
[Date "2017.11.14"]
[Round "7"]
[White "Primbetov, Marat"]
[Black "Rooze, Jan"]
[Result "1/2-1/2"]
[ECO "B34"]
[WhiteElo "2222"]
[BlackElo "2314"]
[PlyCount "104"]
[EventDate "2017.??.??"]
[EventType "swiss"]
[EventCountry "ITA"]
[SourceTitle "Acqui Terme"]
[TimeControl "40/5400+30:1800+30"]
[WhiteClock "0:21:03"]
[BlackClock "0:06:43"]

1. e4 c5 2. Nf3 Nc6 3. d4 cxd4 4. Nxd4 g6 5. Nc3 Bg7 6. Be3 Nf6 7. f3 Qb6 8. Ncb5 Qa5+ 9. c3 O-O 10. Nb3 Qd8 11. c4 b6 12. Qd2 Bb7 13. Be2 d6 14. O-O Nd7 15. Rfd1 Rc8 16. Rac1 a6 17. Nc3 Nc5 18. Nd4 Nxd4 19. Bxd4 Bxd4+ 20. Qxd4 Qc7 21. Qe3 Qb8 22. h4 Nd7 23. h5 Rc5 24. f4 gxh5 25. b4 Rc7 26. e5 dxe5 27. fxe5 f6 28. exf6 Nxf6 29. Qxb6 Kh8 30. Qd4 Rd7 31. Qe3 Rg8 32. Nd5 Bxd5 33. cxd5 Nxd5 34. Qd4+ Nf6 35. Qe3 Rxd1+ 36. Rxd1 Qxb4 37. Bxa6 Rxg2+ 38. Kxg2 Qg4+ 39. Kf2 Qxd1 40. Qxe7 Qd4+ 41. Kf3 Qg4+ 42. Kf2 Ne4+ 43. Ke3 Qg3+ 44. Kd4 Qc3+ 45. Kd5 Nf6+ 46. Ke6 Ng8 47. Qd6 Qf6+ 48. Kd7 Qf7+ 49. Kd8 Nf6 50. Bc4 Qxc4 51. Qxf6+ Kg8 52. Qg5+ Kh8 1/2-1/2

[Event "WSCC 65 Open 2017"]
[Site "?"]
[Date "2017.11.14"]
[Round "7"]
[White "Trois, Francisco R T"]
[Black "Lisenko, Alexander V"]
[Result "0-1"]
[ECO "A04"]
[WhiteElo "2184"]
[BlackElo "2372"]
[PlyCount "60"]
[EventDate "2017.??.??"]
[EventType "swiss"]
[EventCountry "ITA"]
[SourceTitle "Acqui Terme"]
[TimeControl "40/5400+30:1800+30"]
[WhiteClock "0:08:07"]
[BlackClock "0:25:17"]

1. Nf3 c5 2. c4 Nc6 3. Nc3 g6 4. e3 Nf6 5. d4 cxd4 6. Nxd4 Bg7 7. Be2 O-O 8. O-O d6 9. Nc2 Bf5 10. Bd3 Bxd3 11. Qxd3 Ne5 12. Qe2 Rc8 13. b3 Qb6 14. Rd1 e6 15. e4 d5 16. exd5 exd5 17. Be3 Qa6 18. Nb4 Qa3 19. Nbxd5 Nxd5 20. Nxd5 Rfe8 21. Qd2 Nc6 22. Rab1 Qd6 23. h3 Qe6 24. Re1 Qf5 25. Rbd1 Re4 26. Bh6 Rd4 27. Qe3 Rxd1 28. Rxd1 Qh5 29. Re1 Qxh6 30. Nf6+ Kh8 0-1

[Event "WSCC 65 Open 2017"]
[Site "?"]
[Date "2017.11.14"]
[Round "7"]
[White "Beltz, Robert"]
[Black "Vogt, Lothar"]
[Result "0-1"]
[ECO "B22"]
[WhiteElo "2158"]
[BlackElo "2398"]
[PlyCount "76"]
[EventDate "2017.??.??"]
[EventType "swiss"]
[EventCountry "ITA"]
[SourceTitle "Acqui Terme"]
[TimeControl "40/5400+30:1800+30"]
[WhiteClock "0:06:20"]
[BlackClock "0:09:52"]

1. e4 c5 2. c3 Nf6 3. d3 d5 4. e5 Nfd7 5. f4 e6 6. Nf3 Be7 7. c4 Nb6 8. Nc3 f5 9. cxd5 Nxd5 10. Nxd5 Qxd5 11. d4 Nc6 12. Bb5 cxd4 13. Qb3 Qxb3 14. axb3 Bd7 15. Bd2 Bc5 16. Rc1 Bb6 17. Ba4 O-O 18. Ke2 a6 19. Rhd1 Ba7 20. b4 Rac8 21. b5 axb5 22. Bc2 h6 23. Bd3 Rfd8 24. Be1 Be8 25. Rc2 Rd5 26. h4 Bh5 27. Rdc1 g5 28. hxg5 hxg5 29. Kf2 gxf4 30. Bd2 Rcd8 31. Bxf4 Bb8 32. Ng5 Bf7 33. Rc5 Bxe5 34. Bxe5 Nxe5 35. Bxb5 Kg7 36. Nxf7 Kxf7 37. Rc7+ Kf6 38. Rxb7 Rxb5 0-1

[Event "WSCC 65 Open 2017"]
[Site "?"]
[Date "2017.11.15"]
[Round "8"]
[White "Vasiukov, Evgeni"]
[Black "Povah, Nigel E"]
[Result "1/2-1/2"]
[ECO "B30"]
[WhiteElo "2404"]
[BlackElo "2295"]
[PlyCount "87"]
[EventDate "2017.??.??"]
[EventType "swiss"]
[EventCountry "ITA"]
[SourceTitle "Acqui Terme"]
[TimeControl "40/5400+30:1800+30"]
[WhiteClock "0:05:19"]
[BlackClock "0:04:17"]

1. e4 c5 2. Nf3 Nc6 3. Bb5 Nf6 4. Qe2 g6 5. O-O Bg7 6. c3 O-O 7. h3 e5 8. d3 Qc7 9. Be3 d6 10. Nbd2 a6 11. Ba4 Re8 12. Rfc1 b6 13. b4 Bb7 14. Bb3 h6 15. a4 Qe7 16. Rab1 Rab8 17. bxc5 bxc5 18. Nc4 Bc8 19. Qd2 Kh7 20. Qa2 Be6 21. Ncd2 Na5 22. Bxe6 Qxe6 23. Qxe6 fxe6 24. d4 exd4 25. cxd4 cxd4 26. Bxd4 Rxb1 27. Rxb1 Nd7 28. Bb6 Nc6 29. Bc7 d5 30. Bd6 Na5 31. Rc1 Nc4 32. Nxc4 Rc8 33. e5 dxc4 34. a5 g5 35. Kf1 Kg6 36. Ke2 h5 37. g4 hxg4 38. hxg4 c3 39. Kd3 Nc5+ 40. Bxc5 Rxc5 41. Rxc3 Rxa5 42. Rc6 Bxe5 43. Nxe5+ Rxe5 44. Rxa6 1/2-1/2

[Event "WSCC 65 Open 2017"]
[Site "?"]
[Date "2017.11.15"]
[Round "8"]
[White "Lisenko, Alexander V"]
[Black "Primbetov, Marat"]
[Result "1/2-1/2"]
[ECO "E62"]
[WhiteElo "2372"]
[BlackElo "2222"]
[PlyCount "25"]
[EventDate "2017.??.??"]
[EventType "swiss"]
[EventCountry "ITA"]
[SourceTitle "Acqui Terme"]
[TimeControl "40/5400+30:1800+30"]

1. c4 Nf6 2. g3 g6 3. Bg2 Bg7 4. Nf3 O-O 5. O-O d6 6. d4 c6 7. Nc3 Bf5 8. Nh4 Be6 9. Qd3 d5 10. c5 Qd7 11. Rd1 Bh3 12. Bh1 Qc8 13. b4 1/2-1/2

[Event "WSCC 65 Open 2017"]
[Site "?"]
[Date "2017.11.15"]
[Round "8"]
[White "Rooze, Jan"]
[Black "Boehnisch, Manfred"]
[Result "1-0"]
[ECO "A06"]
[WhiteElo "2314"]
[BlackElo "2285"]
[PlyCount "93"]
[EventDate "2017.??.??"]
[EventType "swiss"]
[EventCountry "ITA"]
[SourceTitle "Acqui Terme"]
[TimeControl "40/5400+30:1800+30"]
[WhiteClock "0:15:07"]
[BlackClock "0:28:27"]

1. Nf3 d5 2. c4 c6 3. e3 Nf6 4. Nc3 a6 5. Qc2 g6 6. d4 Bg7 7. Bd2 O-O 8. Rc1 Bf5 9. Bd3 Bxd3 10. Qxd3 dxc4 11. Qxc4 Nbd7 12. O-O Re8 13. Rfd1 e5 14. Ne2 exd4 15. Nexd4 Ne4 16. Be1 Qe7 17. Qb3 c5 18. Ne2 b5 19. Nf4 c4 20. Qc2 Ndc5 21. b3 cxb3 22. axb3 Qb7 23. Bb4 Rac8 24. Qa2 Red8 25. h4 Rxd1+ 26. Rxd1 h6 27. Nd4 Be5 28. f3 Nf6 29. Qb1 h5 30. Nxg6 Bxd4 31. exd4 Kg7 32. dxc5 fxg6 33. Rd6 Rc6 34. Qd3 Kf7 35. Qd4 Rxd6 36. cxd6 Qd7 37. Bc3 Ne8 38. Qd5+ Kf8 39. Be5 a5 40. Bf4 Kg7 41. Be5+ Kh7 42. Qd3 a4 43. bxa4 bxa4 44. g4 Ng7 45. gxh5 Nxh5 46. Qc2 Qh3 47. Qc7+ 1-0

[Event "WSCC 65 Open 2017"]
[Site "?"]
[Date "2017.11.15"]
[Round "8"]
[White "Stebbings, Anthony J"]
[Black "Beltz, Robert"]
[Result "0-1"]
[ECO "B63"]
[WhiteElo "2301"]
[BlackElo "2158"]
[PlyCount "56"]
[EventDate "2017.??.??"]
[EventType "swiss"]
[EventCountry "ITA"]
[SourceTitle "Acqui Terme"]
[TimeControl "40/5400+30:1800+30"]
[WhiteClock "0:20:16"]
[BlackClock "0:34:23"]

1. e4 c5 2. Nf3 Nc6 3. d4 cxd4 4. Nxd4 Nf6 5. Nc3 d6 6. Bg5 e6 7. Qd2 Be7 8. O-O-O O-O 9. Nb3 a6 10. Bxf6 Bxf6 11. Qxd6 Bxc3 12. bxc3 Qf6 13. Qg3 b5 14. f4 e5 15. f5 Qe7 16. Qe3 Bb7 17. Be2 Rfc8 18. Rd5 Na5 19. Nxa5 Bxd5 20. exd5 Qa3+ 21. Kd2 Qxa5 22. Qxe5 Re8 23. Qd4 Rac8 24. Bd3 f6 25. a4 Re5 26. axb5 axb5 27. d6 Qa8 28. Qf2 Qc6 0-1

[Event "WSCC 65 Open 2017"]
[Site "?"]
[Date "2017.11.15"]
[Round "8"]
[White "Hartung-Nielsen, Jens"]
[Black "Pritchett, Craig W"]
[Result "0-1"]
[ECO "B21"]
[WhiteElo "2204"]
[BlackElo "2280"]
[PlyCount "98"]
[EventDate "2017.??.??"]
[EventType "swiss"]
[EventCountry "ITA"]
[SourceTitle "Acqui Terme"]
[TimeControl "40/5400+30:1800+30"]
[WhiteClock "0:19:26"]
[BlackClock "0:20:39"]

1. e4 c5 2. d4 cxd4 3. c3 d3 4. Bxd3 Nc6 5. c4 g6 6. Nf3 Bg7 7. O-O d6 8. h3 Nf6 9. Nc3 O-O 10. Be3 b6 11. Qd2 Bb7 12. Rac1 Rc8 13. Bb1 Nd7 14. Bh6 Nde5 15. Nxe5 dxe5 16. Qxd8 Rfxd8 17. Bxg7 Kxg7 18. Rfd1 Nd4 19. Bd3 e6 20. f3 Kf8 21. Kf2 Ke7 22. Bf1 h5 23. h4 f5 24. exf5 exf5 25. Re1 Kf6 26. b3 Bc6 27. Rcd1 Nc2 28. Rxd8 Rxd8 29. Rd1 Rxd1 30. Nxd1 a5 31. Nc3 e4 32. f4 Ke6 33. Ke2 Kd6 34. Kd2 Nd4 35. Nd1 Kc5 36. Kc3 b5 37. Ne3 b4+ 38. Kb2 a4 39. bxa4 Bxa4 40. Kc1 Be8 41. Kb2 Ba4 42. Kc1 Be8 43. Kb2 Bf7 44. a3 bxa3+ 45. Kxa3 Ne6 46. g3 Kd4 47. Nd5 Nc5 48. Nb6 e3 49. Kb2 Ne4 0-1

[Event "WSCC 65 Open 2017"]
[Site "?"]
[Date "2017.11.16"]
[Round "9"]
[White "Komljenovic, Davorin"]
[Black "Frick, Christoph"]
[Result "0-1"]
[ECO "D17"]
[WhiteElo "2379"]
[BlackElo "2230"]
[PlyCount "70"]
[EventDate "2017.??.??"]
[EventType "swiss"]
[EventCountry "ITA"]
[SourceTitle "Acqui Terme"]
[TimeControl "40/5400+30:1800+30"]
[WhiteClock "0:27:39"]
[BlackClock "0:36:15"]

1. d4 d5 2. c4 c6 3. Nf3 Nf6 4. Nc3 dxc4 5. a4 Bf5 6. Ne5 Nbd7 7. Nxc4 Nb6 8. Ne5 a5 9. f3 Nfd7 10. Nd3 Bxd3 11. Qxd3 e5 12. dxe5 Nxe5 13. Qe4 Qe7 14. Be3 Nbc4 15. Bd4 f6 16. O-O-O Qb4 17. Qc2 Bc5 18. Na2 Qb6 19. e3 Bxd4 20. exd4 Ne3 21. Qe2 Nxd1 22. dxe5 O-O-O 23. g3 Nf2 24. exf6 Rhe8 25. Qc4 gxf6 26. Rg1 Nd3+ 27. Bxd3 Qxg1+ 28. Kc2 Qxh2+ 29. Kb3 Qxg3 30. Bxh7 Qxf3+ 31. Nc3 Re3 32. Ka3 f5 33. Qc5 Rd5 34. Qf8+ Kc7 35. Bg8 Rxc3+ 0-1

[Event "WSCC 65 Open 2017"]
[Site "?"]
[Date "2017.11.16"]
[Round "9"]
[White "Povah, Nigel E"]
[Black "Gutkin, Boris"]
[Result "1-0"]
[ECO "D00"]
[WhiteElo "2295"]
[BlackElo "2250"]
[PlyCount "51"]
[EventDate "2017.??.??"]
[EventType "swiss"]
[EventCountry "ITA"]
[SourceTitle "Acqui Terme"]
[TimeControl "40/5400+30:1800+30"]
[WhiteClock "0:18:20"]
[BlackClock "0:02:38"]

1. d4 d5 2. Bg5 c6 3. e3 Qb6 4. Qc1 Bf5 5. Nf3 h6 6. Bh4 e6 7. c4 Nd7 8. Nc3 Ngf6 9. Be2 Be7 10. O-O O-O 11. h3 Rfe8 12. c5 Qd8 13. Bg3 Ne4 14. Nxe4 Bxe4 15. Nd2 Bg6 16. b4 Bf8 17. Qc3 f6 18. Bd3 Bxd3 19. Qxd3 e5 20. b5 Qa5 21. Rfb1 Rac8 22. a4 Qc7 23. a5 Qd8 24. bxc6 bxc6 25. Rb7 Bxc5 26. Qf5 1-0

[Event "WSCC 65 Open 2017"]
[Site "?"]
[Date "2017.11.16"]
[Round "9"]
[White "Pritchett, Craig W"]
[Black "Malisov, Boris"]
[Result "1/2-1/2"]
[ECO "B06"]
[WhiteElo "2280"]
[BlackElo "2240"]
[PlyCount "129"]
[EventDate "2017.??.??"]
[EventType "swiss"]
[EventCountry "ITA"]
[SourceTitle "Acqui Terme"]
[TimeControl "40/5400+30:1800+30"]
[WhiteClock "0:02:18"]
[BlackClock "0:01:13"]

1. e4 g6 2. d4 Bg7 3. Nf3 c6 4. Bd3 d5 5. e5 Na6 6. c3 Nc7 7. O-O Nh6 8. Re1 O-O 9. h3 f6 10. Bf4 Ne6 11. Bh2 f5 12. c4 b6 13. Nc3 Bb7 14. cxd5 cxd5 15. Qa4 f4 16. Bb5 Nf5 17. Rad1 Bh6 18. Bc6 Bxc6 19. Qxc6 Nc7 20. e6 Qd6 21. Ne5 Qxc6 22. Nxc6 Rf6 23. Re5 Rxe6 24. Rxe6 Nxe6 25. Nxd5 Kf8 26. b4 g5 27. g3 Bg7 28. gxf4 gxf4 29. Nxf4 Nexd4 30. Nxd4 Nxd4 31. Rxd4 Bxd4 32. Ne6+ Kf7 33. Nxd4 Rc8 34. Nb5 Rc4 35. a3 a6 36. Nc7 a5 37. bxa5 bxa5 38. Be5 Re4 39. Bc3 Ra4 40. Nb5 Ke6 41. Bb2 Rh4 42. Kg2 Kd5 43. Kg3 Rh6 44. Nc3+ Kc4 45. Ne2 Rb6 46. Bc1 Kd3 47. Nf4+ Kc4 48. Kf3 e5 49. Ng2 Rb3+ 50. Ke4 Rxh3 51. Ne3+ Kb3 52. Kxe5 Rf3 53. Bd2 a4 54. Bb4 Rxf2 55. Ng4 Re2+ 56. Kf5 h5 57. Ne5 h4 58. Nd3 Kc4 59. Nf4 Rh2 60. Kg4 Kb3 61. Nd3 Kc4 62. Nf4 Rh1 63. Nh3 Kb3 64. Nf4 Ra1 65. Nd3 1/2-1/2

[Event "WSCC 65 Open 2017"]
[Site "?"]
[Date "2017.11.16"]
[Round "9"]
[White "Hess, Christian"]
[Black "Vasiukov, Evgeni"]
[Result "0-1"]
[ECO "A05"]
[WhiteElo "2236"]
[BlackElo "2404"]
[PlyCount "130"]
[EventDate "2017.??.??"]
[EventType "swiss"]
[EventCountry "ITA"]
[SourceTitle "Acqui Terme"]
[TimeControl "40/5400+30:1800+30"]

1. Nf3 Nf6 2. c4 d6 3. d4 c6 4. Nc3 Bf5 5. g3 h6 6. Bg2 Nbd7 7. d5 c5 8. Nh4 Bh7 9. f4 a6 10. a4 Qc7 11. O-O Rg8 12. Nf3 Ne4 13. Bh3 Ndf6 14. Nxe4 Nxe4 15. Nd2 Nf6 16. a5 g5 17. Qa4+ Kd8 18. e4 gxf4 19. Rxf4 h5 20. Bf5 Bxf5 21. Rxf5 h4 22. Kg2 hxg3 23. hxg3 Bh6 24. Qc2 Ng4 25. Nf3 e6 26. Rh5 Bxc1 27. Qxc1 Qe7 28. Qf4 e5 29. Qd2 Nf6 30. Rh4 Kc7 31. b4 Nd7 32. Rb1 f5 33. b5 axb5 34. cxb5 b6 35. Ra1 Qg7 36. Qf2 bxa5 37. Qe1 f4 38. g4 a4 39. g5 Nb6 40. Qc3 Rh8 41. Rxf4 Kb7 42. Rf6 Qd7 43. Re6 Rhe8 44. Rf6 Rf8 45. Re6 Rae8 46. Qa5 Ra8 47. Qc3 Rae8 48. Qa5 Rxe6 49. Qa6+ Kc7 50. Qa7+ Kc8 51. Qa6+ Qb7 52. dxe6 Re8 53. Rh1 Qxa6 54. bxa6 Kc7 55. Rh7+ Kc6 56. Nd2 Rxe6 57. a7 Re8 58. Kf2 Rg8 59. Ke2 Rxg5 60. Nc4 Rg8 61. Na5+ Kb5 62. Nb7 a3 63. Nxd6+ Kc6 64. Nb7 c4 65. Na5+ Kb5 0-1

[Event "WSCC 65 Open 2017"]
[Site "?"]
[Date "2017.11.16"]
[Round "9"]
[White "Primbetov, Marat"]
[Black "Van Riemsdijk, Herman C"]
[Result "0-1"]
[ECO "C77"]
[WhiteElo "2222"]
[BlackElo "2284"]
[PlyCount "94"]
[EventDate "2017.??.??"]
[EventType "swiss"]
[EventCountry "ITA"]
[SourceTitle "Acqui Terme"]
[TimeControl "40/5400+30:1800+30"]
[WhiteClock "0:27:14"]
[BlackClock "0:32:30"]

1. e4 e5 2. Nf3 Nc6 3. Bb5 a6 4. Ba4 Nf6 5. d3 b5 6. Bb3 Be7 7. Nbd2 d6 8. c3 Na5 9. Bc2 c5 10. O-O O-O 11. Re1 Nd7 12. Nf1 Bf6 13. Ng3 g6 14. Bh6 Re8 15. a3 Nb6 16. h3 Nc6 17. Be3 a5 18. Nh2 Be6 19. Ng4 Bg7 20. f4 exf4 21. Bxf4 Ne5 22. Nxe5 dxe5 23. Be3 Rc8 24. Qf3 Qf6 25. Qe2 Qh4 26. Nf1 Rc6 27. Nd2 Qe7 28. Nf3 a4 29. Qf2 Rec8 30. Rf1 Bb3 31. Rac1 Rd8 32. Bb1 Nd7 33. d4 cxd4 34. cxd4 Rxc1 35. Rxc1 exd4 36. Nxd4 Ne5 37. Kh1 Qd7 38. Rf1 Ng4 39. hxg4 Bxd4 40. g5 Bxe3 41. Qxe3 Qd2 42. Qc3 Qxg5 43. e5 Bd5 44. Qh3 Qxe5 45. Bd3 Qxb2 46. Rb1 Qxg2+ 47. Qxg2 Bxg2+ 0-1

[Event "WSCC 65 Open 2017"]
[Site "?"]
[Date "2017.11.16"]
[Round "9"]
[White "Hardicsay, Peter"]
[Black "Lisenko, Alexander V"]
[Result "1/2-1/2"]
[ECO "A14"]
[WhiteElo "2213"]
[BlackElo "2372"]
[PlyCount "58"]
[EventDate "2017.??.??"]
[EventType "swiss"]
[EventCountry "ITA"]
[SourceTitle "Acqui Terme"]
[TimeControl "40/5400+30:1800+30"]

1. c4 c5 2. Nf3 Nc6 3. Nc3 e6 4. g3 Nf6 5. Bg2 d5 6. cxd5 Nxd5 7. O-O Be7 8. d4 Nxc3 9. bxc3 Qa5 10. Bb2 O-O 11. e3 Rd8 12. Nd2 Qc7 13. Qh5 b6 14. Rfd1 Bb7 15. Rac1 Rac8 16. Nb3 g6 17. Qe2 Bf8 18. c4 cxd4 19. exd4 Qe7 20. Re1 Bh6 21. Rcd1 Qf8 22. d5 exd5 23. Bxd5 Ba8 24. Qf3 Bg7 25. Bf6 Bxf6 26. Qxf6 Qg7 27. Qf4 Qf8 28. Qf6 Qg7 29. Qf4 Qf8 1/2-1/2

[Event "WSCC 65 Open 2017"]
[Site "?"]
[Date "2017.11.17"]
[Round "10"]
[White "Vasiukov, Evgeni"]
[Black "Shevelev, Arkady"]
[Result "1/2-1/2"]
[ECO "B10"]
[WhiteElo "2404"]
[BlackElo "2280"]
[PlyCount "48"]
[EventDate "2017.??.??"]
[EventType "swiss"]
[EventCountry "ITA"]
[SourceTitle "Acqui Terme"]
[TimeControl "40/5400+30:1800+30"]
[WhiteClock "1:31:13"]
[BlackClock "1:28:02"]

1. e4 c6 2. d3 d5 3. Nd2 Qc7 4. g3 Nf6 5. Bg2 dxe4 6. dxe4 e5 7. Ngf3 Bg4 8. h3 Bh5 9. g4 Bg6 10. Nh4 Bc5 11. Qe2 a5 12. Nf1 Nbd7 13. Ng3 Nf8 14. g5 N6d7 15. Nhf5 Ne6 16. h4 O-O-O 17. Qg4 Kb8 18. O-O f6 19. a3 fxg5 20. hxg5 Bxf5 21. exf5 Nf4 22. Bxf4 exf4 23. Nh5 g6 24. Nxf4 gxf5 1/2-1/2

[Event "WSCC 65 Open 2017"]
[Site "?"]
[Date "2017.11.18"]
[Round "10"]
[White "Buchal, Stephan"]
[Black "Fritsch, Rolf"]
[Result "1/2-1/2"]
[ECO "A20"]
[WhiteElo "2347"]
[BlackElo "2213"]
[PlyCount "55"]
[EventDate "2017.??.??"]
[EventType "swiss"]
[EventCountry "ITA"]
[SourceTitle "Acqui Terme"]
[TimeControl "40/5400+30:1800+30"]
[WhiteClock "0:05:19"]
[BlackClock "0:06:07"]

1. c4 e5 2. g3 c5 3. Bg2 Nc6 4. Nc3 g6 5. d3 Bg7 6. Nf3 Nge7 7. O-O O-O 8. a3 d6 9. Rb1 a5 10. Bd2 h6 11. Ne1 f5 12. Nc2 a4 13. Ne3 Nd4 14. Ned5 Nxd5 15. Nxd5 Nb3 16. Bc3 Bd7 17. e3 Rb8 18. f4 b5 19. Qc2 Kh8 20. cxb5 Bxb5 21. Rf2 Qd7 22. Re1 Rbe8 23. Nb6 Qc7 24. Nc4 Bc6 25. Rff1 Bxg2 26. Qxg2 e4 27. Qc2 Re6 28. Rd1 1/2-1/2

[Event "WSCC 65 Open 2017"]
[Site "?"]
[Date "2017.11.18"]
[Round "10"]
[White "Sarno, Spartaco"]
[Black "Bergstrom, Rolf"]
[Result "1-0"]
[ECO "A00"]
[WhiteElo "2327"]
[BlackElo "2270"]
[PlyCount "83"]
[EventDate "2017.??.??"]
[EventType "swiss"]
[EventCountry "ITA"]
[SourceTitle "Acqui Terme"]
[TimeControl "40/5400+30:1800+30"]
[WhiteClock "0:32:36"]
[BlackClock "0:29:04"]

1. g3 e5 2. c4 d6 3. Bg2 f5 4. Nc3 Nf6 5. e3 Be7 6. Nge2 O-O 7. O-O c6 8. d3 Be6 9. f4 Nbd7 10. b3 Qb6 11. Qd2 Rae8 12. Bb2 Ng4 13. Nd1 Bf6 14. d4 exf4 15. exf4 Bf7 16. h3 Nh6 17. Bf3 g6 18. Kg2 Bg7 19. Nf2 Nf6 20. Nc3 d5 21. Ba3 Ne4 22. Bxe4 fxe4 23. Bxf8 Rxf8 24. c5 Qb4 25. Ncxe4 Qxd4 26. Qxd4 Bxd4 27. Nd6 Bxa1 28. Rxa1 b6 29. Rc1 b5 30. Nd3 d4 31. Nb4 Nf5 32. Nxf5 gxf5 33. Kf2 Rc8 34. Rd1 a5 35. Nc2 a4 36. Nxd4 Rd8 37. Rd2 a3 38. Ke1 Re8+ 39. Re2 Rxe2+ 40. Kxe2 Bd5 41. Kd2 Be4 42. Kc3 1-0